Map: Acropolis LE

Players

EFzet - Winner!

  • Race: Terran Terran
  • Spawn Location: 11:00

Dune

  • Race: Protoss Protoss
  • League: Master
  • Spawn Location: 5:00

VOD

Have the link to the VOD?

Description

Time

  • Played on: June 28, 2019, 7:31 a.m.
  • Length: 5:50
Show
View Real Time Build Order
Export as new Build Order

EFzet Terran - Winner!

Build Orders: Liberator Opening 

Get SALT Encoding   

  12  0:00  SCV  
  13  0:13  SCV  
  14  0:17  Supply Depot  
  14  0:25  SCV  
  15  0:39  SCV  
  15  0:40  Barracks  
  16  0:43  Refinery  
  16  0:51  SCV  
  17  1:03  SCV  
  18  1:27  Marine  
  18  1:28  Bunker  
  18  1:31  Refinery  
  19  1:35  Orbital Command  
  19  1:44  Marine  
  20  2:01  SCV  
  21  2:04  Supply Depot  
  21  2:07  Marine  
  21  2:08  Factory  
  22  2:24  Supply Depot  
  22  2:25  SCV  
  23  2:45  Marine, SCV  
  25  2:52  Factory Tech Lab  
  25  2:56  Starport  
  25  2:58  SCV  
  26  3:04  Supply Depot  
  26  3:06  Marine  
  27  3:18  Liberator  
  27  3:20  SCV  
  27  3:25  Barracks Reactor  
  28  3:35  Siege Tank  
  28  3:36  SCV  
  28  3:39  Supply Depot  
  35  3:52  SCV  
  36  3:56  Supply Depot  
  36  4:01  Marine x2  
  38  4:07  Siege Tank, Bunker  
  40  4:34  Viking x2  
  44  4:40  Cyclone  
  47  4:45  Supply Depot  
  44  5:04  Viking x2  
  48  5:24  SCV  
Show
View Real Time Build Order
Export as new Build Order

Dune Protoss 

Build Orders: Cannon Rush 

Get SALT Encoding   

  1  0:00  Probe  
  12  0:04  Probe  
  14  0:19  Pylon  
  14  0:22  Probe  
  15  0:37  Probe  
  15  0:39  Forge  
  16  0:51  Pylon  
  16  0:56  Pylon  
  16  1:20  Photon Cannon  
  16  1:21  Gateway  
  15  1:30  Photon Cannon  
  15  1:35  Probe  
  16  1:46  Probe, Photon Cannon  
  17  1:54  Probe  
  17  1:55  Assimilator  
  18  2:06  Pylon  
  18  2:13  Probe  
  19  2:20  Cybernetics Core  
  19  2:28  Probe  
  20  2:39  Probe  
  20  2:41  Pylon  
  21  2:45  Assimilator  
  21  2:47  Probe  
  22  2:55  Gateway  
  22  3:01  Photon Cannon  
  22  3:08  Probe  
  23  3:21  Stargate  
  23  3:28  Shield Battery  
  22  3:34  Adept  
  22  3:36  Photon Cannon  
  22  3:38  Pylon  
  24  3:55  Pylon  
  24  3:58  Void Ray  
  26  4:24  Pylon  
  26  4:34  Shield Battery  
  26  4:48  Fleet Beacon  
  26  4:59  Shield Battery  
  26  5:03  Void Ray  
  22  5:35  Probe  
  23  5:44  Shield Battery  
Tags
 
Add a new tag
Caveats
  • Supply blocks, unpowered buildings, or Contaminate may cause inaccurate times.
  • Supply counts are checked every 10 seconds.